 Dungeon Crawl Stone Soup version 0.30-a0-121-gb27577e5d9 (webtiles) character file.

Game seed: 6814343848343164353

30 enile the Charlatan (level 3, 0/24 HPs)
             Began as an Octopode Wanderer on Sept 14, 2022.
             Was a Follower of Sif Muna.
             Succumbed to an adder's poison
             ... on level 2 of the Dungeon.
             The game lasted 00:02:09 (1620 turns).

enile the Charlatan (Octopode Wanderer)             Turns: 1620, Time: 00:02:10

Health: 0/24       AC:  1    Str: 13    XL:     3   Next: 18%
Magic:  3/3        EV: 13    Int: 11    God:    Sif Muna [*.....]
Gold:   57         SH:  0    Dex: 14    Spells: 2/2 levels left

rFire   . . .      SeeInvis .    a - +0 dagger
rCold   . . .      Faith    .    (no shield)
rNeg    . . .      Spirit   .    (helmet restricted)
rPois   .          Reflect  .    (no amulet)
rElec   .          Harm     .    (no ring)
rCorr   .          Rampage  .    (no ring)
Will    .....                    (no ring)
Stlth   +++.......               (no ring)
HPRegen 0.08/turn                (no ring)
MPRegen 0.08/turn                (no ring)
                                 (no ring)
                                 (no ring)

@: lethally poisoned (0 -> -2)
A: almost no armour, amphibious, 8 rings, camouflage 1, gelatinous body 1,
(nimble swimmer 1), tentacles
a: Renounce Religion, Channel Magic


You were on level 2 of the Dungeon.
You worshipped Sif Muna.
Sif Muna was aware of your devotion.
You visited 1 branch of the dungeon, and saw 2 of its levels.

You collected 57 gold pieces.

Inventory:

Hand Weapons
 a - a +0 dagger (weapon)
Missiles
 c - 11 poisoned darts (quivered)
Scrolls
 e - 2 scrolls of teleportation {unknown}
 f - a scroll of identify {unknown}
 h - a scroll of fear {unknown}
 i - a scroll of magic mapping {unknown}
Potions
 b - 3 potions of attraction
Miscellaneous
 d - a phantom mirror


   Skills:
 - Level 2.0 Fighting
 - Level 2.0 Throwing
 + Level 2.1 Dodging
 - Level 2.0 Stealth
 - Level 2.0 Unarmed Combat
 - Level 1.0 Invocations
 - Level 3.3 Evocations


You had 2 spell levels left.
You didn't know any spells.
Your spell library was empty.

Dungeon Overview and Level Annotations

Branches:
Dungeon (2/15)

Altars:
Sif Muna


Innate Abilities, Weirdness & Mutations

You cannot wear most types of armour.
You are amphibious.
You can wear up to eight rings at the same time.
Your skin changes colour to match your surroundings (Stealth+).
Your rubbery body absorbs attacks. (AC +1, EV +1)
((You are camouflaged when in or above water. (Stealth+)))
You have tentacles for arms and can constrict up to eight enemies at once.


Message History

You are lethally poisoned (12 -> 0).
You have 6 tentacles available for constriction.
Your movement speed is average.
Your attack delay is about 1.0.
Your damage rating with your +0 dagger is about 4 (Base 4 x 110% (Dex) x 103% (Skill)).
Okay, then.
As you read the scroll labelled BENOLY BIATYRR, it crumbles to dust.
Wisps of shadow whirl around you...
It was a scroll of summoning.
You feel very sick. The adder bites you. The adder misses you.
Okay, then.
You swap places.
* * * LOW HITPOINT WARNING * * *
You feel sick.
Your kobold completely misses the adder.
The adder attacks as you move away! The adder barely misses you.
* * * LOW HITPOINT WARNING * * *
You feel sick.
The adder completely misses your kobold.
Your kobold hits the adder with a +0 dagger.
Your kobold completely misses the adder.
Okay, then.
Blink to where?
Press: ? - help, Dir - move target
As you read the scroll labelled SEPSAPSEMAO, it crumbles to dust.
It was a scroll of blinking.
* * * LOW HITPOINT WARNING * * *
You feel sick.
Your adder closely misses the adder.
The adder closely misses your kobold.
Your kobold hits the adder but does no damage.
Your kobold completely misses the adder.
Okay, then.
* * * LOW HITPOINT WARNING * * *
You feel sick.
The adder barely misses something.
Your adder bites the adder but does no damage.
The adder bites something.
* * * LOW HITPOINT WARNING * * *
You feel sick. Something misses your kobold.
* * * LOW HITPOINT WARNING * * *
You feel sick.
You die...

##..# ##..## # . ##.
.## + #. +. ##
######## #......#
#......########
+......#......#
#@.....#......#
#......#......#
####K.##......#
#######..'......##
#.....§K##.......###
#....†..##.........#
#......S##......##.#
#......S##......##..
#.......##......####


You could see a friendly kobold (summoned).

Vanquished Creatures
  An adder (D:2)
  A dart slug (D:1)
  3 ball pythons
  3 endoplasms (D:1)
  A giant cockroach (D:1)
  A hobgoblin (D:1)
  A kobold (D:1)
  A bat (D:1)
  2 frilled lizards (D:2)
  2 goblins
  2 rats
18 creatures vanquished.

Notes
Turn   | Place    | Note
-------+----------+-------------------------------------------
     0 | D:1      | enile the Octopode Wanderer began the quest for the Orb.
     0 | D:1      | enile set off with the following items: a +0 dagger, 2
                  | potions of attraction, 11 poisoned darts, a phantom mirror.
     0 | D:1      | Reached XP level 1. HP: 14/14 MP: 1/1
   131 | D:1      | Reached skill level 1 in Stealth
   260 | D:1      | Reached XP level 2. HP: 7/19 MP: 2/2
   778 | D:1      | Reached skill level 1 in Dodging
  1272 | D:2      | Found a faded altar of an unknown god.
  1285 | D:2      | Reached XP level 3. HP: 18/24 MP: 3/3
  1479 | D:2      | Prayed at the altar of an unknown god.
  1479 | D:2      | Became a worshipper of Sif Muna the Loreminder
  1479 | D:2      | Reached * piety under Sif Muna
  1619 | D:2      | HP: 1/24 [poisoned by an adder]
  1620 | D:2      | Succumbed to an adder's poison

Illustrated notes

Levels and vault maps discovered:
D:1:      dpeg_arrival_line_fractal, layout_basic
D:2:      layout_basic, nicolae_ecumenical_snake_handling,
          minmay_increasing_density

Skill      XL: |  1  2 |
---------------+-------+-----
Stealth        | 2 |  2.0
Dodging        | 2 |  2.1
Fighting       | |  2.0
Throwing       | |  2.0
Unarmed Combat | |  2.0
Invocations    | |  1.0
Evocations     | |  3.3

Action                   || total
-------------------------++-------
Melee: Dagger            ||    40
       Tentacles         ||    12
       Constrict         ||     7
  Use: Potion            ||     1
       Scroll            ||     2
 Stab: Sleeping          ||     6
Armor: Skin              ||     3
Dodge: Dodged            ||    21

Table legend: (Time is in decaauts)
 A = Elapsed time spent in this place.
 B = Non-inter-level travel time spent in this place.
 C = Inter-level travel time spent in this place.
 D = Time resting spent in this place.
 E = Time spent auto-exploring this place.
 F = Levels seen in this place.
 G = Mean time per level.
                   A        B        C        D        E       F      G
               +--------+--------+--------+--------+--------+-----+--------+
         Total |   1619 |   1593 |     26 |    192 |   1245 |   2 |  809.5 |
       Dungeon |   1619 |   1593 |     26 |    192 |   1245 |   2 |  809.5 |
               +--------+--------+--------+--------+--------+-----+--------+

Top non-repeatable levels by time:
     D:1: 1243 daAuts
     D:2: 376 daAuts
